 Dungeon Crawl Stone Soup version 0.30-a0-632-g346586fe48 (webtiles) character file.

Game seed: 3458185450901722458

92 Leeroy the Slasher (level 4, -4/26 HPs)
             Began as a Tengu Warper on Jan 13, 2023.
             Slain by Terence
             ... wielding a +0 flail
              (9 damage)
             ... on level 2 of the Dungeon.
             The game lasted 00:05:00 (2691 turns).

Leeroy the Slasher (Tengu Warper)                   Turns: 2691, Time: 00:05:00

Health: -4/26      AC:  3    Str: 11    XL:     4   Next: 60%
Magic:  6/8        EV: 12    Int: 13    God:
Gold:   81         SH:  0    Dex: 16    Spells: 2/7 levels left

rFire   . . .      SeeInvis .    a - +0 falchion
rCold   . . .      Faith    .    (no shield)
rNeg    . . .      Spirit   .    b - +0 leather armour
rPois   .          Reflect  .    (helmet restricted)
rElec   .          Harm     .    (no cloak)
rCorr   .          Rampage  .    (no gloves)
Will    .....                    (boots unavailable)
Stlth   +                        (no amulet)
HPRegen 0.24/turn                (no ring)
MPRegen 0.11/turn                (no ring)

@: very slightly contaminated
A: beak, talons 3
a: no special abilities


You were on level 2 of the Dungeon.
You visited 1 branch of the dungeon, and saw 4 of its levels.

You collected 81 gold pieces.

Inventory:

Hand Weapons
 a - a +0 falchion (weapon)
Missiles
 d - 7 boomerangs of dispersal
 s - a poisoned dart (quivered)
Armour
 b - a +0 leather armour (worn)
 i - a +0 plate armour
Jewellery
 f - a ring of poison resistance
Wands
 k - a wand of digging (1)
Scrolls
 c - a scroll of noise {unknown}
 e - 3 scrolls of identify {unknown}
 g - a scroll of torment {unknown}
 h - a scroll of enchant weapon {unknown}
 q - a scroll of magic mapping {unknown}
 r - 3 scrolls of fog {unknown}
Potions
 j - a potion of resistance {unknown}
 l - a potion of mutation {unknown}
 m - a potion of ambrosia {unknown}
 n - a potion of berserk rage {unknown}
 o - a potion of haste {unknown}
 p - a potion of might {unknown}


   Skills:
 - Level 2.0 Fighting
 + Level 5.1 Long Blades
 - Level 1.0 Throwing
 - Level 1.1 Armour
 - Level 2.1 Dodging
 - Level 2.0 Spellcasting
 - Level 2.4 Translocations
 * Level 0.1 Air Magic


You had 2 spell levels left.
You knew the following spells:

 Your Spells              Type           Power      Damage    Failure   Level
a - Blink                 Tloc           14%        N/A       19%         2
b - Vhi's Electric Charg  Tloc/Air       8%         N/A       52%         3

Your spell library contained the following spells:

 Spells                   Type           Power      Damage    Failure   Level
 Lesser Beckoning         Tloc           14%        N/A       36%         3
 Teleport Other           Tloc           7%         N/A       36%         3
 Portal Projectile        Hex/Tloc       8%         N/A       52%         3
 Kindle Blastsparks       Fire/Tloc/Air  6%         2d10      56%         3
 Ignite Poison            Fire/Tmut/Pois 1%         N/A       69%         3
 Tukima's Dance           Hex            1%         N/A       69%         3
 Manifold Assault         Tloc           7%         N/A       77%         4
 Blade Hands              Tmut           0%         N/A       100%        5
 Freezing Cloud           Conj/Ice/Air   0%         6-21      100%        5


Dungeon Overview and Level Annotations

Branches:
Dungeon (4/15)
 Temple: D:4-7

Altars:
Hepliaklqana

Annotations:
D:2 1 runed translucent door, Crazy Yiuf, Sigmund, Terence
D:3 Jessica


Innate Abilities, Weirdness & Mutations

You have a beak for a mouth.
You have claws for feet.


Message History

The bat barely misses you. The bat hits you but does no damage.
You closely miss the bat. You claw the bat.
You kill the bat!
An endoplasm comes into view.
Throw: 3 darts (poison)
Press: ? - help, Q - select action, (/) - cycle Shift-Dir - straight line, p - Terence You can't see that place.
You can't see that place.
Okay, then.
Throw: 3 darts (poison)
Press: ? - help, Q - select action, (/) - cycle Shift-Dir - straight line, f - Terence
Aim: Terence, wielding a +0 flail and wearing a +0 ring mail (lightly wounded, 64% to hit)
You throw a poisoned dart. The poisoned dart hits Terence.
Terence is poisoned.
Terence is lightly wounded.
You hit Terence but do no damage. You claw Terence. You peck Terence.
Terence is moderately wounded.
Terence misses you.
You closely miss Terence. Your peck misses Terence.
Terence is moderately wounded.
Terence closely misses you.
You hit Terence but do no damage. Your kick misses Terence.
Terence is moderately wounded.
Terence hits you with a +0 flail!
Throw: 2 darts (poison)
Press: ? - help, Q - select action, (/) - cycle Shift-Dir - straight line, f/p - Terence
Aim: Terence, wielding a +0 flail and wearing a +0 ring mail (moderately wounded, poisoned, 64% to hit)
You throw a poisoned dart. The poisoned dart hits Terence.
Terence looks even sicker.
Terence is moderately wounded.
Terence hits you with a +0 flail!
* * * LOW HITPOINT WARNING * * *
Okay, then.
Casting: Vhi's Electric Charge (extremely dangerous; 52% risk of failure)
Confirm with . or Enter, or press ? or * to list all spells.
You miscast Blink.
You are very lightly contaminated with residual magic.
Nothing appears to happen.
Terence says, "How do you enjoy it?" Terence hits you with a +0 flail!
You die...

##.# #.....#
.#..... ##.#
#..#### .#
.... #.# #..#
.# ... #.#
#..######.# +#
#.#
#.g.......# .#
##@########
#.#
#.##########..
#..†g@@.....J.
############..


You could see Terence (very poisoned), an endoplasm (asleep) and a hobgoblin.

Vanquished Creatures
  4 adders
  A worm (D:2)
  3 dart slugs
  3 ball pythons
  5 endoplasms
  A giant cockroach (D:3)
  3 goblins
  7 hobgoblins
  2 quokkas
  8 bats
  2 frilled lizards
  4 kobolds (D:2)
  4 rats
47 creatures vanquished.

Vanquished Creatures (others)
  A plant (D:3)
1 creature vanquished.

Grand Total: 48 creatures vanquished

Notes
Turn   | Place    | Note
-------+----------+-------------------------------------------
     0 | D:1      | Leeroy the Tengu Warper began the quest for the Orb.
     0 | D:1      | Reached XP level 1. HP: 12/12 MP: 4/4
   456 | D:1      | Reached skill level 3 in Long Blades
   456 | D:1      | Reached XP level 2. HP: 12/17 MP: 6/6
   665 | D:1      | Found a faded altar of an unknown god.
   979 | D:1      | Reached XP level 3. HP: 17/21 MP: 7/7
  1138 | D:1      | Reached skill level 4 in Long Blades
  1312 | D:1      | Learned a level 2 spell: Blink
  1316 | D:1      | Learned a level 3 spell: Vhi's Electric Charge
  1523 | D:2      | Found a runed translucent door.
  1524 | D:2      | Noticed Crazy Yiuf
  1906 | D:2      | Noticed Sigmund
  1948 | D:3      | Reached XP level 4. HP: 13/26 MP: 8/8
  2049 | D:3      | Noticed Jessica
  2051 | D:3      | Noticed an ogre
  2067 | D:4      | Noticed a scorpion
  2076 | D:4      | Noticed an ogre
  2120 | D:3      | HP: 1/26 [orc priest/nerve-wracking pain (1)]
  2269 | D:3      | Found a hazy altar of Hepliaklqana.
  2456 | D:2      | Reached skill level 5 in Long Blades
  2661 | D:2      | Noticed Terence
  2691 | D:2      | Slain by Terence

Illustrated notes

Levels and vault maps discovered:
D:1:      lightli_molten_gateway, layout_basic,
          dreamdust_ecumenical_altar_angels_and_demons
D:2:      layout_loops_corners, basic_altar, st_stairs_14, uniq_sigmund,
          uniq_crazy_yiuf_cottage, uniq_terence
D:3:      layout_rooms, gammafunk_temple_overflow_forgotten,
          mainiacjoe_overflow_concentric_impassable, hex_tiny, uniq_ijyb,
          uniq_jessica, uniq_grinder
D:4:      layout_cave_pools, kennysheep_mini_moat, uniq_menkaure

Skill      XL: |  1  2  3  4 |
---------------+-------------+-----
Long Blades    | 3 4 5 |  5.1
Fighting       | |  2.0
Throwing       | |  1.0
Armour         | |  1.1
Dodging        | |  2.1
Spellcasting   | |  2.0
Translocations | |  2.4
Air Magic      | |  0.1

Action                   |  1- 3 |  4- 6 || total
-------------------------+-------+-------++-------
Melee: Falchion          |    94 |    37 ||   131
       Kick              |    18 |     9 ||    27
       Peck              |    10 |     6 ||    16
Throw: Dart              |       |     2 ||     2
 Cast: Blink             |       |     2 ||     2
       Vhi's Electric Ch |       |     2 ||     2
  Use: Scroll            |       |     1 ||     1
Armor: Leather armour    |    19 |    13 ||    32
       Plate armour      |    17 |       ||    17
Dodge: Dodged            |    51 |    49 ||   100

Table legend: (Time is in decaauts)
 A = Elapsed time spent in this place.
 B = Non-inter-level travel time spent in this place.
 C = Inter-level travel time spent in this place.
 D = Time resting spent in this place.
 E = Time spent auto-exploring this place.
 F = Levels seen in this place.
 G = Mean time per level.
                   A        B        C        D        E       F      G
               +--------+--------+--------+--------+--------+-----+--------+
         Total |   2706 |   2566 |    140 |    303 |   1715 |   4 |  676.5 |
       Dungeon |   2706 |   2566 |    140 |    303 |   1715 |   4 |  676.5 |
               +--------+--------+--------+--------+--------+-----+--------+

Top non-repeatable levels by time:
     D:1: 1381 daAuts
     D:2: 1123 daAuts
     D:3: 157 daAuts
     D:4: 44 daAuts
